[Event "EYCC 2017"]
[Site "Mamaia"]
[Date "2017.09.07"]
[Round "3"]
[White "Kirtadze, Anastasia"]
[Black "Abaszada, Suada"]
[Result "0-1"]
[ECO "A40"]
[WhiteElo "1193"]
[BlackElo "1295"]
[Annotator "NA"]
[PlyCount "138"]
[EventDate "2017.??.??"]
[EventType "swiss"]
[EventCountry "ROU"]
[SourceTitle "playchess.com"]
[Source "ChessBase"]
[SourceQuality "1"]
[TimeControl "40/5400+30:1800+30"]

1. d4 Nf6 2. c4 e6 3. g3 Be7 4. Nf3 O-O 5. Bg2 d5 6. O-O Nc6 7. Nc3 b6 8. b3 Ne4 9. Bb2 Bf6 10. e3 Nxc3 11. Bxc3 Ba6 12. Nd2 b5 13. Re1 Rb8 14. cxb5 Bxb5 15. Bf1 Bxf1 16. Kxf1 e5 17. dxe5 Bxe5 18. Bxe5 Nxe5 19. Qe2 Qf6 20. Kg2 Rfe8 21. Nf3 c5 22. Nxe5 Rxe5 23. Qd2 Qc6 24. f3 Rbe8 25. g4 Qe6 26. Rac1 d4 27. e4 Qg6 28. Rcd1 h5 29. h3 hxg4 30. hxg4 Qg5 31. Qf2 Rd8 32. Rd3 Qg6 33. Qh4 Qg5 34. Qh3 f5 35. Qg3 f4 36. Qf2 Rd6 37. Rh1 Rh6 38. Rdd1 Ree6 39. Rxh6 Rxh6 40. Rc1 Rc6 41. Rh1 d3 42. Rh5 Qe7 43. Rd5 c4 44. bxc4 Qa3 45. c5 Qc3 46. Kh2 Qc2 47. Kg2 Rh6 48. Rh5 Rxh5 49. gxh5 d2 50. c6 d1=Q 51. Qxc2 Qxc2+ 52. Kh3 Qxc6 53. Kg4 Qh6 54. Kh4 g5+ 55. Kh3 Qxh5+ 56. Kg2 g4 57. fxg4 Qxg4+ 58. Kf2 Qg3+ 59. Ke2 Qe3+ 60. Kd1 Qf2 61. e5 Qd4+ 62. Kc2 Qxe5 63. Kb3 Qd4 64. a4 a5 65. Kc2 f3 66. Kb3 f2 67. Kc2 f1=Q 68. Kb3 Qb1+ 69. Ka3 Qdb4# 0-1

[Event "EYCC 2017"]
[Site "Mamaia"]
[Date "2017.09.07"]
[Round "3"]
[White "Kusakina, Uliana"]
[Black "Fedorova, Olesya"]
[Result "1-0"]
[ECO "B27"]
[WhiteElo "1157"]
[BlackElo "1534"]
[Annotator "NA"]
[PlyCount "175"]
[EventDate "2017.??.??"]
[EventType "swiss"]
[EventCountry "ROU"]
[SourceTitle "playchess.com"]
[Source "ChessBase"]
[SourceQuality "1"]
[TimeControl "40/5400+30:1800+30"]

1. e4 c5 2. Nf3 g6 3. d4 Bg7 4. Be3 d6 5. Nc3 cxd4 6. Bxd4 Nf6 7. Bc4 O-O 8. O-O Nc6 9. h3 Nxd4 10. Qxd4 a6 11. Qe3 b5 12. Bd3 Bb7 13. Ne2 d5 14. e5 Ne4 15. Ng3 Nxg3 16. fxg3 e6 17. Rae1 Qc7 18. c3 Rac8 19. Kh1 Qc5 20. Nd4 b4 21. Rc1 Qc7 22. Rfe1 Qa5 23. cxb4 Qxb4 24. Rxc8 Rxc8 25. b3 Qa3 26. Bb1 Qb2 27. Qf4 Qc3 28. Rf1 Rf8 29. g4 g5 30. Qf2 Bc8 31. Re1 Qc7 32. Qg3 f6 33. Nf3 fxe5 34. Nxg5 h6 35. Nf3 Bb7 36. g5 h5 37. Bg6 Qe7 38. Nxe5 Bxe5 39. Qxe5 Bc8 40. Bxh5 Qg7 41. Qg3 Rf5 42. h4 Qf8 43. Bf3 Qb4 44. Bg4 Rf4 45. Bxe6+ Bxe6 46. Rxe6 Rxh4+ 47. Kg1 Qd4+ 48. Qe3 Qa1+ 49. Kf2 Qd4 50. Qxd4 Rxd4 51. Rxa6 Rg4 52. Ra5 Rxg5 53. Rc5 Kf7 54. a4 Ke6 55. a5 Kd6 56. Rb5 Kc6 57. Rb6+ Kc7 58. Rb4 d4 59. Rxd4 Rxa5 60. g4 Rg5 61. Kf3 Kc6 62. Rf4 Kd6 63. Rf5 Rg7 64. b4 Ke6 65. Kf4 Rc7 66. Rc5 Rd7 67. Re5+ Kf6 68. g5+ Kg7 69. b5 Rd1 70. Kf5 Rd6 71. Re7+ Kf8 72. Re6 Rd5+ 73. Re5 Rd6 74. g6 Rb6 75. Kg5 Rb7 76. Kh6 Rb6 77. Kh7 Rb7+ 78. Kh8 Rb8 79. b6 Rc8 80. b7 Rb8 81. g7+ Kf7+ 82. Kh7 Rd8 83. g8=Q+ Rxg8 84. Rf5+ Ke6 85. Kxg8 Kxf5 86. b8=Q Ke4 87. Qb5 Kd4 88. Kf7 {Kd5} 1-0